 Dungeon Crawl Stone Soup version 0.26.1-11-gd32895ea62 (webtiles) character file.

Game seed: 16050897782678077011

55530 wingedge the Blocker (level 14, -3/99 (103) HPs)
             Began as a Deep Dwarf Fighter on July 8, 2021.
             Was a Priest of Ashenzari.
             Slain by a chaos spawn (5 damage)
             ... summoned by an orc sorcerer
             ... on level 3 of the Abyss.
             The game lasted 02:03:41 (10684 turns).

wingedge the Blocker (Deep Dwarf Fighter)          Turns: 10684, Time: 02:03:44

HP:   -3/99 (103)   AC: 19    Str: 21      XL:     14   Next: 38%
MP:   0/0           EV:  9    Int:  5 (6)  God:    Ashenzari [***...]
Gold: 687           SH: 19    Dex: 11 (13) Spells: 23/23 levels left

rFire    . . .     SeeInvis +   M - +7 spear "Seet" {venom, rN+} (curse)
rCold    + + .     Faith    .   c - +0 kite shield (curse)
rNeg     + + .     Spirit   .   o - +0 ice dragon scales
rPois    .         Reflect  +   (no helmet)
rElec    .         Harm     .   l - scarf {+Inv}
rCorr    .         Rampage  .   m - +0 pair of gloves (curse)
Will     ++...     Rnd*Rage +   (no boots) Stlth ..........Rnd*Tele +
                                Q - amulet of reflection
HPRegen  0.00/turn              y - ring of protection from fire
MPRegen  0.07/turn              T - +4 ring of protection

@: liquid flames, berserk cooldown, non-regenerating, glowing, lightly drained
A: damage resistance, heal wounds, [berserk 2], [blurry vision 3], deterioration
1[+1], [dopey 2], [frail 2], [low mp 3], negative energy resistance 1, sense
surroundings 2, [screaming 2], strong 1, [teleportitis 2], [weak 2], wild magic
1, [no potion heal 2], [subdued magic 2], no regeneration
a: Heal Wounds, Renounce Religion, Evoke Invisibility, Curse Item, Scrying


You were on level 3 of the Abyss.
You worshipped Ashenzari.
Ashenzari was most pleased with you.
You visited 3 branches of the dungeon, and saw 14 of its levels.
You visited the Abyss 1 time.
You also visited: Bailey and Ice Cave.

You collected 1569 gold pieces.
You spent 882 gold pieces at shops.

Inventory:

Hand Weapons
 b - the +9 fustibalus of the Six Wonders {speed, +Fly rPois}
   (You found it on level 1 of the Elven Halls)

   Attacks with this weapon are significantly faster.
   It protects you from poison.
   It lets you fly.
 x - the +9 quarterstaff of Fietaal {freeze, +Fly rF+ rN+ Dex-2}
   (You found it on level 5 of the Dungeon)

   It has been specially enchanted to freeze those struck by it, causing extra
   injury to most foes and up to half again as much damage against particularly
   susceptible opponents.
   It can also slow down cold-blooded creatures.
   It affects your dexterity (-2).
   It protects you from fire.
   It protects you from negative energy.
   It lets you fly.
 H - a +5 halberd of electrocution
 M - the cursed +7 spear "Seet" (weapon) {venom, rN+}
   (You found it on level 9 of the Dungeon)

   It poisons the flesh of those it strikes.
   It protects you from negative energy.
   It has a curse placed upon it.
 N - the +7 scimitar "Xecaosso" {vorpal, rElec Str-5 Int+4 SInv}
   (You found it on level 9 of the Dungeon)

   It inflicts extra damage upon your enemies.
   It affects your strength (-5).
   It affects your intelligence (+4).
   It insulates you from electricity.
   It lets you see invisible.
 U - a +2 vorpal war axe
 V - a +2 vorpal glaive
Armour
 c - a cursed +0 kite shield (worn)
 e - +1 swamp dragon scales
 l - a scarf of invisibility (worn)
 m - a cursed +0 pair of gloves (worn)
 n - +0 storm dragon scales
 o - +0 ice dragon scales (worn)
 P - a +0 plate armour
Jewellery
 i - an uncursed ring of resist corrosion
 y - a ring of protection from fire (left hand)
 Q - an amulet of reflection (around neck)
 S - an uncursed ring of fire
 T - a +4 ring of protection (right hand)
Wands
 d - a wand of random effects (11)
 f - a wand of polymorph (16)
Scrolls
 g - 3 scrolls of amnesia
 q - 2 scrolls of blinking
 s - a scroll of fog
 u - 2 scrolls of teleportation
 v - 3 scrolls of magic mapping
 z - 2 scrolls of fear
 B - a scroll of brand weapon {unknown}
 R - 2 scrolls of immolation
Potions
 k - a potion of invisibility
 E - a potion of flight
 F - a potion of brilliance
 I - 3 potions of magic


   Skills:
 + Level 9.4 Fighting
 - Level 0.1 Short Blades
 - Level 5.4(9.5) Axes
 + Level 10.2(13.2) Polearms
 - Level 1.0 Slings
 * Level 12.2 Armour
 + Level 13.4(15.0) Shields
 + Level 5.0 Spellcasting
 - Level 12.3 Evocations


You had 23 spell levels left.
You didn't know any spells.
Your spell library contained the following spells:

 Spells                   Type           Power        Failure   Level
 Magic Dart               Conj           4%           63%         1
 Sandblast                Erth           2%           63%         1
 Passwall                 Tmut/Erth      0%           77%         2
 Searing Ray              Conj           2%           77%         2
 Dazzling Flash           Conj/Hex       2%           94%         3
 Stone Arrow              Conj/Erth      2%           94%         3
 Fulminant Prism          Conj/Hex       0%           100%        4
 Iskenderun's Mystic Bla  Conj/Tloc      1%           100%        4
 Petrify                  Tmut/Erth      1%           100%        4
 Lee's Rapid Deconstruct  Erth           0%           100%        5


Dungeon Overview and Level Annotations

Branches:
Dungeon (10/15)               Orc (2/2) D:9             Elf (2/3) Orc:2
 Bailey (visited)           IceCv (visited)
 Temple: D:4-7         Lair: D:8-11

Altars:
Ashenzari
Cheibriados
Dithmenos
Fedhas
Hepliaklqana
Kikubaaqudgha
Qazlal
Sif Muna
Uskayaw
Wu Jian
Xom
The Shining One
Beogh
Jiyva

Shops:
D:9 =   Orc:1 =*=   Orc:2 (=[(


Innate Abilities, Weirdness & Mutations

You are resistant to damage.
You can heal yourself by infusing magical energy.
You resist negative energy. (rN+)
You passively map the area around you.
You do not regenerate.
Your muscles are strong. (Str +2)
Your spells are a little harder to cast, but a little more powerful.
[You often lose your temper in combat.]
[Scrolls take you much longer to read.]
[Your body often deteriorates upon taking damage.]
[You are very dopey. (Int -4)]
[You are very frail. (-20% HP)]
[Your magical capacity is extremely low. (-30% MP)]
[You sometimes yell uncontrollably at your foes.]
[You are sometimes teleported next to monsters.]
[You are very weak. (Str -4)]
[Potions are poor at restoring your health.]
[Your spells are easier to cast, but less powerful.]


Message History

The orc sorcerer hits you but does no damage.
The smoke demon completely misses you.
The smoke demon hits you but does no damage.
The smoke demon barely misses you.
The chaos spawn hits you but does no damage.
You are too confused!
You hit the chaos spawn but do no damage.
You are engulfed in a cloud of scalding steam.
You are covered in liquid flames!
The large abomination hits you!
* * * LOW HITPOINT WARNING * * *
Your body deteriorates!
You feel dopey.
Your magical effects are unravelling.
You feel magically purged.
You are covered in liquid flames!
You feel less invigorated.
You feel less confused. You block the orc sorcerer's attack.
The chaos spawn hits you.
You are engulfed in flames!
You die...

* .. .. ##*#*
.#.. #.. # , .
...#### ** . .
, ,*
.#.*#..#..#.#,
# #,.# ,* # #.
..#..# ##.# **
#* *#
#...#.#*{ * #
,#. ,, * ..
.#..## * # ,
*..#
.*.#...###
#*.. # . .#
##.#*,, , , ,
# # ####.#4@#*
,, , #
##.3oX.#.# , ,
*, * *, *
*#....#..... *
, , , * #..#.#
#... * , , , *
,,, #####. ##,
, , , , *** ,
,#., * * ,* ..
** , * , ,# ,
* , *, *, ,* ,
,** ,


You could see a large abomination, a smoke demon (summoned), a chaos spawn
(summoned) and an orc sorcerer (extremely poisoned).

Vanquished Creatures
  2 tentacled starspawn (Abyss:3)
  A shadow dragon (Elf:1)
  A storm dragon (Elf:1)
  A deep elf sorcerer (Elf:2)
  2 deep elf demonologists (Elf:1)
  2 fire dragons
  A deep elf high priest (Elf:1)
  2 ice dragons
  An ogre mage (Abyss:3)
  4 dancing weapons (Elf:1)
  An orc high priest (Orc:2)
  A large abomination (Abyss:3)
  6 deep elf knights
  The ghost of 2021koboldassassin the Slicer, a novice KoHu of Okawaru (D:8)
  4 deep elf archers
  An orc knight (Elf:1)
  16 deep elf magi
  4 orc sorcerers (Orc:2)
  An ugly thing (IceCv)
  A slime creature (D:8)
  A molten gargoyle (Orc:2)
  An ancient zyme (Abyss:3)
  2 air elementals
  A fire elemental (Orc:2)
  5 chaos spawn (Abyss:3)
  A fire bat (Abyss:3)
  6 yaks (D:8)
  Duvessa (D:5)
  3 wargs
  3 small abominations (Abyss:3)
  15 ice beasts
  21 orc warriors
  A swamp drake (Abyss:3)
  2 sky beasts
  2 black bears (D:9)
  A phantom (D:5)
  7 ogres
  5 centaurs
  A bullfrog (D:6)
  3 earth elementals
  Dowan (D:5)
  4 scorpions
  An electric eel (D:6)
  3 wights
  A quasit (Abyss:3)
  3 hounds
  8 jellies
  17 orc priests
  2 centaur skeletons
  33 orc wizards
  2 iguanas (D:8)
  Ijyb (D:5)
  6 worker ants
  A hound zombie (D:7)
  17 gnolls
  A howler monkey skeleton (D:4)
  10 adders
  2 shadow imps
  2 white imps
  2 ufetubi
  2 oozes
  3 dart slugs
  8 leopard geckos
  52 orcs
  10 giant cockroaches
  15 goblins
  14 hobgoblins
  5 jackals
  21 kobolds
  5 quokkas
  A ball python (D:2)
  12 bats
  A frilled lizard (D:1)
  2 leopard gecko skeletons
  18 rats
421 creatures vanquished.

Vanquished Creatures (others)
  A deep elf knight (Elf:1)
  A deep elf mage (Elf:2)
  2 orc wizards (Orc:2)
  An orc (Elf:1)
  10 plants (D:6)
  5 starspawn tentacles (Abyss:3)
20 creatures vanquished.

Grand Total: 441 creatures vanquished

Notes
Turn   | Place    | Note
-------+----------+-------------------------------------------
     0 | D:1      | wingedge the Deep Dwarf Fighter began the quest for the
                  | Orb.
     0 | D:1      | Reached XP level 1. HP: 20/20 MP: 1/1
   118 | D:1      | Reached XP level 2. HP: 27/27 MP: 2/2
   425 | D:1      | Reached XP level 3. HP: 29/33 MP: 3/3
   917 | D:2      | Reached skill level 1 in Evocations
  1065 | D:3      | Reached skill level 4 in Shields
  1065 | D:3      | Reached XP level 4. HP: 27/42 MP: 4/4
  1116 | D:2      | Found a broken altar of Ashenzari.
  1123 | D:2      | Became a worshipper of Ashenzari the Shackled
  1161 | D:2      | Found a blossoming altar of Fedhas.
  1887 | D:3      | Reached skill level 1 in Slings
  1889 | D:3      | Reached XP level 5. HP: 36/49 MP: 5/5
  2056 | D:3      | Gained mutation: Your muscles are strong. (Str +2) [potion
                  | of mutation]
  2056 | D:3      | Gained mutation: [Your body sometimes deteriorates upon
                  | taking damage.] [potion of mutation]
  2056 | D:3      | Gained mutation: Your spells are a little harder to cast,
                  | but a little more powerful. [potion of mutation]
  2140 | D:3      | Found a shimmering blue altar of Sif Muna.
  2401 | D:4      | Reached XP level 6. HP: 41/56 MP: 7/7
  2542 | D:4      | Reached skill level 1 in Spellcasting
  2717 | D:4      | Reached skill level 5 in Armour
  2770 | D:4      | Reached * piety under Ashenzari
  2799 | D:5      | Entered Level 5 of the Dungeon
  2845 | D:4      | Found a glowing golden altar of the Shining One.
  3047 | D:5      | Noticed a sky beast
  3066 | D:5      | Killed a sky beast
  3067 | D:5      | Reached skill level 5 in Shields
  3134 | D:5      | Reached XP level 7. HP: 43/63 MP: 8/8
  3254 | D:5      | Found a shadowy altar of Dithmenos.
  3624 | D:6      | Reached skill level 6 in Shields
  3669 | D:5      | Found an ornate altar of the Wu Jian Council.
  3715 | D:5      | Found a hide-covered altar of Uskayaw.
  3737 | D:5      | Reached XP level 8. HP: 61/72 MP: 9/9
  3737 | D:5      | Noticed a +0 hand axe
  3737 | D:5      | Noticed a +0 dagger
  3979 | D:5      | Noticed Ijyb
  3981 | D:5      | Noticed Duvessa
  3981 | D:5      | Noticed Dowan
  3990 | D:5      | Killed Duvessa
  3998 | D:5      | Killed Dowan
  4003 | D:5      | Killed Ijyb
  4059 | D:5      | Got the quarterstaff of Fietaal {freeze, +Fly rF+ rN+
                  | Dex-2}
  4167 | D:5      | Found a stormy altar of Qazlal.
  4373 | D:6      | Reached skill level 7 in Shields
  4408 | D:6      | Reached skill level 5 in Axes
  4932 | D:6      | Reached skill level 5 in Evocations
  5230 | D:7      | Found an ancient bone altar of Kikubaaqudgha.
  5272 | D:7      | Found a hazy altar of Hepliaklqana.
  5397 | D:8      | Found a runed translucent gate.
  5397 | D:8      | Found a runed translucent gate.
  5397 | D:8      | Found a runed translucent gate.
  5399 | D:8      | Noticed a slime creature
  5400 | D:8      | Noticed a slime creature
  5401 | D:8      | Noticed 2021koboldassassin's ghost (novice KoHu)
  5403 | D:8      | Found a viscous altar of Jiyva.
  5425 | D:8      | Gained mutation: You passively map the area around you.
                  | [Deep Dwarf growth]
  5425 | D:8      | Reached XP level 9. HP: 67/80 MP: 8/8
  5484 | D:8      | Found a flagged portal.
  5522 | Bailey   | Entered a bailey
  5713 | Bailey   | Reached skill level 5 in Fighting
  5713 | Bailey   | Reached skill level 1 in Polearms
  6046 | D:8      | Killed a large slime creature
  6048 | D:8      | Killed 2021koboldassassin's ghost
  6175 | D:8      | Reached XP level 10. HP: 80/88 MP: 8/8
  6177 | D:8      | Reached skill level 5 in Polearms
  6599 | D:9      | Got the spear "Seet" {venom, rN+}
  6600 | D:9      | Identified the +7 spear "Seet" {venom, rN+} (You found it
                  | on level 9 of the Dungeon)
  6601 | D:9      | Found a staircase to the Orcish Mines.
  6622 | D:9      | Identified the +9 quarterstaff of Fietaal {freeze, +Fly rF+
                  | rN+ Dex-2} (You found it on level 5 of the Dungeon)
  6627 | D:9      | Identified the +7 scimitar "Xecaosso" {vorpal, rElec Str-5
                  | Int+4 SInv}
  6632 | D:9      | Reached ** piety under Ashenzari
  6701 | D:9      | Found a shimmering altar of Xom.
  6738 | D:9      | Found Weeliosu's Jewellery Shoppe.
  6746 | D:9      | Bought an uncursed amulet of reflection for 450 gold pieces
  6851 | D:10     | Entered Level 10 of the Dungeon
  6976 | D:9      | Found a snail-covered altar of Cheibriados.
  7113 | Orc:1    | Entered Level 1 of the Orcish Mines
  7113 | Orc:1    | Found Pemucvah's Assorted Antiques.
  7129 | Orc:1    | Found Xyampogaf's Jewellery Shop.
  7133 | Orc:1    | Found a frozen archway.
  7150 | Orc:1    | Reached skill level 8 in Shields
  7222 | IceCv    | Entered an ice cave
  7222 | IceCv    | Noticed a white ugly thing
  7244 | IceCv    | Killed a white ugly thing
  7267 | IceCv    | Found a transporter.
  7295 | IceCv    | Noticed an ice statue
  7295 | IceCv    | Noticed an ice statue
  7295 | IceCv    | Noticed a white ugly thing
  7369 | Orc:1    | Reached XP level 11. HP: 65/94 MP: 9/9
  7398 | Orc:1    | Found Zoshoem's Jewellery Shoppe.
  7398 | Orc:1    | Found a roughly hewn altar of Beogh.
  7605 | Orc:2    | Entered Level 2 of the Orcish Mines
  7610 | Orc:2    | Found a staircase to the Elven Halls.
  7635 | Orc:2    | Reached skill level 9 in Shields
  7640 | Orc:2    | Noticed an orc sorcerer
  7641 | Orc:2    | Noticed an orc sorcerer
  7641 | Orc:2    | Noticed an orc sorcerer
  7644 | Orc:2    | Noticed an orc high priest
  7646 | Orc:2    | Killed an orc sorcerer
  7648 | Orc:2    | Killed an orc sorcerer
  7649 | Orc:2    | Reached skill level 10 in Armour
  7650 | Orc:2    | Killed an orc high priest
  7655 | Orc:2    | Killed an orc sorcerer
  7655 | Orc:2    | Noticed an orc sorcerer
  7672 | Orc:2    | Killed an orc sorcerer
  7915 | Orc:2    | Reached skill level 10 in Shields
  8028 | Orc:2    | Reached skill level 10 in Evocations
  8139 | Orc:2    | Found Vuzxecor's Armour Shoppe.
  8139 | Orc:2    | Found Eczin's Antique Weapon Emporium.
  8140 | Orc:2    | Found Netalaiph's Jewellery Emporium.
  8145 | Orc:2    | Found Duliq's Weapon Shoppe.
  8241 | Orc:2    | Reached *** piety under Ashenzari
  8795 | Orc:2    | Bought a +4 ring of protection for 432 gold pieces
  8820 | Elf:1    | Entered Level 1 of the Elven Halls
  8820 | Elf:1    | Noticed a +2 vorpal war axe
  8820 | Elf:1    | Noticed a deep elf knight
  8848 | Elf:1    | Killed a deep elf knight
  8851 | Elf:1    | Killed a +2 vorpal war axe
  8924 | Elf:1    | Noticed a deep elf archer
  8941 | Elf:1    | Killed a deep elf archer
  8949 | Elf:1    | Noticed a deep elf mage
  8950 | Elf:1    | Noticed a +1 short sword of venom
  8960 | Elf:1    | Killed a deep elf mage
  8965 | Elf:1    | Killed a +1 short sword of venom
  8966 | Elf:1    | Reached XP level 12. HP: 87/104 MP: 8/8
  9000 | Elf:1    | Reached skill level 11 in Shields
  9000 | Elf:1    | Reached XP level 13. HP: 81/114 MP: 8/10
  9121 | Elf:1    | Identified the +2 scale mail of Ru's Delight {rPois SInv}
  9121 | Elf:1    | Noticed a deep elf demonologist
  9158 | Elf:1    | Noticed an Executioner
  9185 | Elf:1    | Killed a deep elf demonologist
  9266 | Elf:1    | Noticed a deep elf demonologist
  9272 | Elf:1    | Noticed a cacodemon
  9274 | Elf:1    | Identified the +9 fustibalus of the Six Wonders {speed,
                  | +Fly rPois}
  9276 | Elf:1    | Killed a deep elf demonologist
  9292 | Elf:1    | Found a runed translucent gate.
  9292 | Elf:1    | Found a runed translucent gate.
  9292 | Elf:1    | Found a runed translucent gate.
  9292 | Elf:1    | Found a runed translucent gate.
  9292 | Elf:1    | Found a runed translucent gate.
  9296 | Elf:1    | Found a runed translucent gate.
  9297 | Elf:1    | Noticed a storm dragon
  9297 | Elf:1    | Noticed a fire dragon
  9297 | Elf:1    | Noticed a shadow dragon
  9324 | Elf:1    | Reached skill level 12 in Shields
  9389 | Elf:1    | Killed a storm dragon
  9398 | Elf:1    | Reached skill level 10 in Polearms
  9479 | Elf:1    | Killed a shadow dragon
  9492 | Elf:1    | Killed a fire dragon
 10104 | Elf:2    | Noticed a deep elf sorcerer
 10110 | Elf:2    | Killed a deep elf sorcerer
 10127 | Elf:2    | Gained mutation: You resist negative energy. (rN+) [Deep
                  | Dwarf growth]
 10127 | Elf:2    | Reached XP level 14. HP: 104/127 MP: 9/11
 10231 | Elf:2    | Reached skill level 5 in Spellcasting
 10238 | Elf:2    | Reached skill level 13 in Shields
 10246 | Elf:2    | Found a huge runed gate.
 10246 | Elf:2    | Found a huge runed gate.
 10246 | Elf:2    | Found a huge runed gate.
 10247 | Elf:2    | Found a huge runed gate.
 10247 | Elf:2    | Found a huge runed gate.
 10248 | Elf:2    | Found a huge runed gate.
 10284 | Elf:2    | Noticed a deep elf sorcerer
 10284 | Elf:2    | Noticed a deep elf sorcerer
 10285 | Elf:2    | Identified the +6 great sword "Igepp" {venom, Str-3 Dex+5}
 10288 | Elf:2    | Noticed a deep elf sorcerer
 10299 | Elf:2    | Killed a deep elf sorcerer
 10303 | Elf:2    | Cast into level 3 of the Abyss (a deep elf sorcerer)
 10381 | Abyss:3  | Noticed a tentacled starspawn
 10404 | Abyss:3  | Killed a tentacled starspawn
 10415 | Abyss:3  | Noticed a tentacled starspawn
 10449 | Abyss:3  | Killed a tentacled starspawn
 10579 | Abyss:3  | Noticed a lich
 10579 | Abyss:3  | Noticed a lich
 10683 | Abyss:3  | HP: 1/99 [large abomination (14)]
 10684 | Abyss:3  | Slain by a chaos spawn

Illustrated notes

Levels and vault maps discovered:
D:1:      dpeg_arrival_houses_and_road, layout_loops_ring,
          hangedman_feature_mirror, serial_park_tiny_2
D:2:      kennysheep_the_goblin_king, layout_basic,
          nicolae_overflow_hidden_temple, nicolae_overflow_crystal_walls
D:3:      layout_basic, led_sif_pool
D:4:      layout_gridville, tso_altar
D:5:      layout_loops_corners, nzn_wu_jian_council_hall, lemuel_round_altar,
          dancing_weapons_uskayaw, nicolae_qazlal_eye_of_the_storm,
          uniq_duvessa, uniq_ijyb
D:6:      layout_loops_ring, serial_bayou_lake_a
D:7:      layout_basic, kiku_gazebo_pond_becter, nzn_hepliaklqana_mist_gate,
          minmay_temple_entry_overgrown, uniq_prince_ribbit1
D:8:      layout_basic, gammafunk_ghost_ooze, enter_bailey_2
D:9:      layout_rooms, lemuel_round_altar, lemuel_round_altar, david_orc_3,
          serial_shops, nicolae_shop_waterfront
D:10:     layout_long_grid, erik_lair_island, serial_undead, serial_undead_c,
          serial_undead_c, serial_undead_a, serial_undead_f, serial_undead_e,
          serial_undead_e, serial_undead_f, serial_undead_c, serial_undead_e,
          serial_undead_f, uniq_snorg, uniq_nergalle
Orc:1:    layout_diamond_mine, portal_ice_cave_entry_ice_beasts, serial_shops,
          shop, shop, shop, shop_fountains, basic_altar
Orc:2:    st_orc_mages, layout_caves, nicolae_orc_lava_tube,
          nicolae_orc_lava_room
Elf:1:    layout_loops_ring, orc_legates
Elf:2:    layout_loops_cross, serial_shops, nicolae_shop_stone, door_vault
Abyss:3:  base: D:11, doesnt_abyss_rune_brain_food, due_exit_kobolds,
          due_evilmike_abyss_rune_seething_liches,
          due_evilmike_abyss_rune_seething_liches, hangedman_relentless_pull,
          hangedman_abyss_feature_spike

Skill      XL: |  1  2  3  4  5  6  7  8  9 10 11 12 13 14 |
---------------+-------------------------------------------+-----
Fighting       | 3 4 5 6 8 9 |  9.4
Evocations     | 1 2 3 5 7 9 10 11 12 | 12.3
Armour         | 4 5 6 7 8 9 10 11 12 | 12.2
Shields        | 4 5 6 7 8 10 11 12 13 | 13.4
Axes           | 3 4 5 |  5.4
Slings         | 1 |  1.0
Spellcasting   | 1 2 3 4 5 |  5.0
Polearms       | 4 7 8 9 10 | 10.2
Short Blades   | |  0.1

Action                   |  1- 3 |  4- 6 |  7- 9 | 10-12 | 13-15 || total
-------------------------+-------+-------+-------+-------+-------++-------
Melee: War axe           |   144 |   156 |   397 |       |       ||   697
       Short sword       |       |    12 |       |       |       ||    12
       Halberd           |       |       |    65 |    63 |       ||   128
       Spear             |       |       |       |   435 |   658 ||  1093
 Fire: Hunting sling     |    20 |     9 |       |       |       ||    29
Invok: Curse Item        |       |       |     1 |     2 |       ||     3
       Scrying           |       |       |       |       |     1 ||     1
 Abil: Heal Wounds       |       |     5 |    18 |    19 |    46 ||    88
       Evoke Invisibilit |       |       |       |       |     3 ||     3
Evoke: Wand              |       |     1 |    30 |    14 |    24 ||    69
  Use: Potion            |       |     5 |     2 |     4 |    11 ||    22
       Scroll            |       |     5 |     4 |     5 |     7 ||    21
 Stab: Paralysed         |       |       |    11 |     3 |     6 ||    20
       Invisible         |       |       |       |       |     4 ||     4
Armor: Scale mail        |    79 |    34 |       |       |       ||   113
       Swamp dragon scal |       |    34 |    18 |       |       ||    52
       Plate armour      |       |       |   228 |   241 |   118 ||   587
       Ice dragon scales |       |       |       |       |    72 ||    72
       Skin              |       |       |       |       |    12 ||    12
Dodge: Dodged            |    55 |    56 |   137 |   109 |   109 ||   466
Block: Kite shield       |    90 |    95 |   253 |   274 |   445 ||  1157
       Reflection        |       |       |       |    10 |     8 ||    18
